 Dungeon Crawl Stone Soup version 0.29-a0-1027-gcd8c55af63 (webtiles) character file.

Game seed: 8440271296740666751

6601 quixfox the Destroyer (level 10, -2/71 HPs)
             Began as a Demonspawn Conjurer on Aug 13, 2022.
             Was a Priest of Vehumet.
             Slain by a wyvern (17 damage)
             ... on level 9 of the Dungeon.
             The game lasted 00:50:54 (12857 turns).

quixfox the Destroyer (Demonspawn Conjurer)        Turns: 12857, Time: 00:50:55

Health: -2/71      AC:  7    Str:  8    XL:     10   Next: 71%
Magic:  28/29      EV: 12    Int: 24    God:    Vehumet [***...]
Gold:   457        SH:  0    Dex: 11    Spells: 13/23 levels left

rFire   + . .      SeeInvis .   M - +3 short sword (freeze)
rCold   x . .      Faith    .   (no shield)
rNeg    . . .      Spirit   .   w - +0 robe
rPois   .          Reflect  .   (helmet restricted)
rElec   .          Harm     .   (no cloak)
rCorr   .          Rampage  .   t - +1 pair of gloves
Will    .....                   r - +0 pair of boots
Stlth   ++........              N - amulet of magic regeneration
HPRegen 0.21/turn               p - ring of fire
MPRegen 0.61/turn               F - ring of magical power

@: no status effects
A: antennae 2, yellow scales 1, spiny 1, demonic magic 1
a: Renounce Religion


You were on level 9 of the Dungeon.
You worshipped Vehumet.
Vehumet was most pleased with you.
You visited 2 branches of the dungeon, and saw 10 of its levels.
You also visited: Ossuary.

You collected 457 gold pieces.

Inventory:

Hand Weapons
 M - a +3 short sword of freezing (weapon)
Missiles
 h - a throwing net
Armour
 r - a +0 pair of boots (worn)
 t - a +1 pair of gloves (worn)
 w - a +0 robe (worn)
 D - a +0 buckler
Magical Staves
 E - a staff of air
Jewellery
 j - an amulet of regeneration
 p - a ring of fire (left hand)
 q - a +6 ring of strength
 y - a ring of willpower
 F - a ring of magical power (right hand)
 I - a ring of positive energy
 N - an amulet of magic regeneration (around neck)
Wands
 u - a wand of paralysis (31)
 x - a wand of flame (32)
 H - a wand of mindburst (13)
Scrolls
 b - a scroll of fog
 f - 2 scrolls of fear
 k - 10 scrolls of teleportation
 l - a scroll of immolation
 o - a scroll of poison
 s - 3 scrolls of blinking
 v - a scroll of summoning
 A - a scroll of identify
 C - 2 scrolls of amnesia
 K - 2 scrolls of magic mapping
Potions
 a - a potion of lignification
 c - 4 potions of magic
 d - 12 potions of curing
 e - a potion of cancellation
 g - 3 potions of berserk rage
 i - a potion of ambrosia
 m - 4 potions of might
 n - 4 potions of mutation
 z - a potion of heal wounds
 B - 2 potions of haste
 G - a potion of brilliance
 J - a potion of attraction
 L - a potion of resistance


   Skills:
 - Level 4.0 Fighting
 - Level 1.7 Dodging
 - Level 1.7 Stealth
 + Level 4.5 Shields
 + Level 7.2 Spellcasting
 + Level 8.7 Conjurations
 + Level 8.5 Fire Magic
 + Level 3.9 Earth Magic


You had 13 spell levels left.
You knew the following spells:

 Your Spells              Type           Power      Damage    Failure   Level
a - Magic Dart            Conj           100%       1d8       1%          1
b - Conjure Flame         Conj/Fire      66%        6-21      1%          3
c - Flame Wave            Conj/Fire      66%        2d15      1%          4
d - Sandblast             Erth           54%        2d13      1%          1
e - Foxfire               Conj/Fire      100%       2x1d9     1%          1

Your spell library contained the following spells:

 Spells                   Type           Power      Damage    Failure   Level
 Ignite Poison            Fire/Tmut/Pois 33%        N/A       1%          3
 Searing Ray              Conj           100%       2d8       1%          2
 Dazzling Flash           Conj/Hex       58%        N/A       1%          3
 Inner Flame              Hex/Fire       43%        N/A       1%          3
 Poisonous Vapours        Pois/Air       16%        N/A       3%          2
 Fulminant Prism          Conj/Hex       14%        3d9       3%          4
 Iskenderun's Mystic Bla  Conj/Tloc      29%        2d7       3%          4
 Corpse Rot               Necr/Pois/Air  8%         N/A       56%         4
 Summon Forest            Summ/Tloc      4%         N/A       89%         5
 Eringya's Noxious Bog    Tmut/Pois      4%         N/A       92%         6
 Summon Hydra             Summ           4%         N/A       100%        7


Dungeon Overview and Level Annotations

Branches:
Dungeon (9/15)             Temple (1/1) D:7            Lair (0/5) D:9
Ossuary (visited)
    Orc: D:9-12

Altars:
Cheibriados
Fedhas
Gozag
Hepliaklqana
Kikubaaqudgha
Makhleb
Nemelex Xobeh
Okawaru
Qazlal
Sif Muna
Trog
Vehumet
Xom
Yredelemnul

Annotations:
D:7 1 runed translucent door, Crazy Yiuf


Innate Abilities, Weirdness & Mutations

You have a pair of antennae on your head.
You are partially covered in yellow scales. (AC +2)
You are partially covered in sharp spines.
Spells you cast may paralyse adjacent enemies.


Message History

The yak closely misses you.
Casting: Flame Wave (mildly dangerous; 1% risk of failure)
Confirm with . or Enter, or press ? or * to list all spells.
Casting: Flame Wave (mildly dangerous; 1% risk of failure)
Press: ? - help, Dir - look around, f - activate You feel a surge of power!
A wave of flame ripples out!
The flame wave engulfs the yak!
You kill the yak!
Vehumet accepts your kill.
You feel your power returning. (Press . to intensify the flame waves.) Malevolent energies surge around you.
A wave of flame ripples out!
The flame wave engulfs the yak!
The yak is heavily wounded.
The yak is struck by your spines. The yak gores you but does no damage.
A wave of flame ripples out!
The flame wave engulfs the yak!!
You kill the yak!
Vehumet accepts your kill.
You feel your power returning.
The flame wave engulfs the wyvern.
The wyvern is lightly wounded.
You finish channelling waves of flame.
The wyvern is struck by your spines. The wyvern bites you.
* * * LOW HITPOINT WARNING * * *
Aiming: Sandblast (safe; 1% risk of failure)
Press: ? - help, Q - select action, (/) - cycle Shift-Dir - straight line, f - wyvern
Aim: a wyvern (lightly wounded, 83% to hit)
The blast of sand misses the wyvern.
Malevolent energies surge around you. The wyvern barely misses you.
The wyvern bites you but does no damage.
The wyvern is struck by your spines.
The wyvern bites you but does no damage.
Aiming: Sandblast (safe; 1% risk of failure)
Press: ? - help, Q - select action, (/) - cycle Shift-Dir - straight line, f/p - wyvern
Aim: a wyvern (moderately wounded, 83% to hit)
The blast of sand hits the wyvern!
The wyvern is heavily wounded.
Malevolent energies surge around you.
The wyvern bites you but does no damage.
The wyvern bites you!
You die...

..####.#....#######.......#
..# #.#....#.............#
..# #.######..#..........#
..####.# ##..#..........#
.......# ###...#..........#
.......###................#
#.#######....#.....#......#
#.....##....##...l.##......
#.....#..#.##..#@#..##.#..
#.......##....##†##....#
#.###..##..#.##...##.#..#
#.........##.........##....
#......#.##..#.....#..#
.#..
#.....##....##.....##....#
.
#....##..#.##..#.#..##.#..#
#.......##....##.##....#
...
#......##....##...##.... ..


You could see a wyvern.

Vanquished Creatures
  A boulder beetle (D:8)
  A two-headed ogre (D:9)
  2 wyverns (D:9)
  6 yaks (D:9)
  4 vampire mosquitoes
  A water moccasin (D:5)
  2 ice beasts
  2 black bears (D:6)
  2 orc warriors
  A sky beast (D:8)
  3 centaurs
  3 phantoms
  A scorpion (D:5)
  4 bullfrogs
  A gnoll sergeant (D:8)
  2 necrophages (D:6)
  8 wights
  6 killer bees (D:8)
  A howler monkey (D:9)
  3 centaur zombies (Ossuary)
  4 crimson imps (D:7)
  3 hounds
  A quasit (D:8)
  2 human zombies (Ossuary)
  6 orc priests
  2 gnoll boudas (D:6)
  2 iguanas (D:5)
  4 orc wizards
  2 ogre zombies (Ossuary)
  7 mummies (Ossuary)
  13 gnolls
  6 adders
  2 shadow imps (D:8)
  4 white imps
  2 ufetubi
  3 adder zombies (Ossuary)
  2 worms
  A dart slug (D:3)
  35 orcs
  6 ball pythons
  7 endoplasms
  5 giant cockroaches
  13 goblins
  15 hobgoblins
  19 jackals
  4 quokkas
  5 bats
  A frilled lizard (D:1)
  3 goblin zombies (Ossuary)
  4 hobgoblin zombies (Ossuary)
  15 kobolds
  3 kobold zombies (Ossuary)
  An orc zombie (Ossuary)
  5 quokka zombies (Ossuary)
  4 rats
  4 rat zombies (Ossuary)
269 creatures vanquished.

Vanquished Creatures (others)
  A shadow (D:9)
  6 demonic plants (D:8)
  22 foxfires (D:9)
  2 fungi (D:7)
31 creatures vanquished.

Grand Total: 300 creatures vanquished

Notes
Turn   | Place    | Note
-------+----------+-------------------------------------------
     0 | D:1      | quixfox the Demonspawn Conjurer began the quest for the
                  | Orb.
     0 | D:1      | Reached XP level 1. HP: 13/13 MP: 3/3
   757 | D:1      | Gained mutation: You are partially covered in sharp spines.
                  | [demonic ancestry]
   757 | D:1      | Reached XP level 2. HP: 19/20 MP: 0/5
   846 | D:1      | Reached skill level 1 in Fighting
  1316 | D:2      | Found a hazy altar of Hepliaklqana.
  1375 | D:2      | Reached XP level 3. HP: 24/26 MP: 4/6
  1824 | D:2      | Learned a level 3 spell: Conjure Flame
  1939 | D:2      | Found a faded altar of an unknown god.
  2326 | D:3      | Found an ancient bone altar of Kikubaaqudgha.
  2428 | D:3      | Reached XP level 4. HP: 33/33 MP: 4/8
  3294 | D:4      | Reached skill level 1 in Fire Magic
  3511 | D:4      | Reached XP level 5. HP: 36/39 MP: 4/9
  3894 | D:4      | Found a stormy altar of Qazlal.
  3896 | D:4      | Noticed a fire elemental
  3897 | D:4      | Noticed a water elemental
  3897 | D:4      | Noticed an air elemental
  4220 | D:4      | Reached skill level 5 in Conjurations
  5095 | D:5      | Entered Level 5 of the Dungeon
  5096 | D:5      | Found a bloodstained altar of Trog.
  5254 | D:5      | Gained mutation: You have a pair of small antennae on your
                  | head. [demonic ancestry]
  5254 | D:5      | Reached XP level 6. HP: 46/46 MP: 4/11
  5332 | D:5      | Found an opulent altar of Gozag.
  5474 | D:5      | Noticed a water moccasin
  5497 | D:5      | Found a sparkling altar of Nemelex Xobeh.
  5602 | D:5      | Killed a water moccasin
  6062 | D:5      | Gained mutation: You are partially covered in yellow
                  | scales. (AC +2) [demonic ancestry]
  6062 | D:5      | Reached XP level 7. HP: 39/52 MP: 5/13
  6601 | D:6      | Learned a level 4 spell: Flame Wave
  7402 | D:6      | Gained mutation: You have a pair of antennae on your head.
                  | [demonic ancestry]
  7402 | D:6      | Reached XP level 8. HP: 40/60 MP: 14/14
  7408 | D:6      | Reached skill level 1 in Shields
  7783 | D:6      | Found a snail-covered altar of Cheibriados.
  8020 | D:6      | Reached skill level 5 in Spellcasting
  8171 | D:7      | Reached skill level 5 in Fire Magic
  8179 | D:7      | Noticed a cyclops
  8560 | D:7      | Found a staircase to the Ecumenical Temple.
  8570 | Temple   | Entered the Ecumenical Temple
  8685 | Temple   | Became a worshipper of Vehumet
  9059 | D:7      | Gained mutation: Spells you cast may paralyse adjacent
                  | enemies. [demonic ancestry]
  9059 | D:7      | Reached XP level 9. HP: 65/65 MP: 17/17
  9189 | D:7      | Found a runed translucent door.
  9190 | D:7      | Noticed Crazy Yiuf
  9246 | D:7      | Found a blossoming altar of Fedhas.
  9605 | D:7      | Found a shimmering altar of Xom.
 10133 | D:8      | Reached * piety under Vehumet
 10133 | D:8      | Offered knowledge of Sandblast by Vehumet.
 10138 | D:8      | Learned a level 1 spell: Sandblast
 10212 | D:8      | Found a sand-covered staircase.
 10217 | Ossuary  | Entered an ossuary
 10640 | Ossuary  | Reached ** piety under Vehumet
 10640 | Ossuary  | Offered knowledge of Poisonous Vapours by Vehumet.
 10780 | Ossuary  | Reached skill level 1 in Earth Magic
 11290 | D:8      | You fall into a shaft and drop 1 floor!
 11725 | D:9      | Found a staircase to the Lair.
 11725 | D:9      | Noticed a boulder beetle
 11821 | D:8      | Killed a boulder beetle
 11822 | D:8      | Reached XP level 10. HP: 60/71 MP: 18/19
 11944 | D:9      | Offered knowledge of Ignite Poison by Vehumet.
 12089 | D:9      | Noticed a two-headed ogre
 12096 | D:9      | Killed a two-headed ogre
 12701 | D:9      | Learned a level 1 spell: Foxfire
 12850 | D:9      | Reached *** piety under Vehumet
 12857 | D:9      | Slain by a wyvern

Illustrated notes

Levels and vault maps discovered:
D:1:      co_arrival_random_square_maze, layout_loops_corners
D:2:      layout_rooms, basic_altar, shapermc_ecumenical_altar_totnotflames,
          chequers_serial_rivers_room_a
D:3:      layout_basic, mainiacjoe_overflow_boulevard, minmay_circle_x
D:4:      corexii_shantytown, layout_loops_ring,
          nicolae_qazlal_style_of_elements, serial_rivers,
          chequers_serial_rivers_micro_e, chequers_serial_rivers_large_b,
          chequers_serial_rivers_small_b, chequers_serial_rivers_room_a,
          chequers_serial_rivers_small_a, chequers_serial_rivers_small_b,
          minmay_pentomino_pile
D:5:      layout_gridville, nemelex_spade_bored_becter,
          nicolae_gozag_seed_capital, mainiacjoe_overflow_alcove_1
D:6:      layout_basic, cheibriados_altar_1, minmay_misc_feat_doors
D:7:      layout_cave_pools, mainiacjoe_overflow_surrounded_room, led_xom_imps,
          minmay_temple_entry_wispy, lemuel_flamethrower_2,
          uniq_crazy_yiuf_cottage
D:8:      layout_loops_corners, tso_oasis_becter, enter_ossuary_5,
          serial_demonic, serial_demonic_c, serial_demonic_e, serial_demonic_g,
          serial_demonic_b, serial_demonic_d, serial_demonic_a
D:9:      minmay_the_grid_3x2 [minmay_the_grid_diamond_grid,
          minmay_the_grid_large_cup, minmay_the_grid_plusring,
          minmay_the_grid_pillar_ring, minmay_the_grid_gridbox,
          minmay_the_grid_prize_big_room], layout_stronghold,
          mainiacjoe_overflow_small_starburst, lair_entry_dummy, nicolae_wwwww
Temple:   dpeg_chambers_temple

Skill      XL: |  1  2  3  4  5  6  7  8  9 10 |
---------------+-------------------------------+-----
Fighting       | 1 2 3 4 |  4.0
Spellcasting   | 3 4 5 6 7 |  7.2
Fire Magic     | 1 2 4 5 7 8 |  8.5
Conjurations   | 5 6 7 8 |  8.7
Shields        | 2 3 4 |  4.5
Earth Magic    | 2 3 |  3.9
Dodging        | |  1.7
Stealth        | |  1.7

Action                   |  1- 3 |  4- 6 |  7- 9 | 10-12 || total
-------------------------+-------+-------+-------+-------++-------
Melee: Whip              |    24 |     2 |    33 |       ||    59
       Punch             |       |       |     2 |       ||     2
       Short sword       |       |       |    68 |     9 ||    77
 Fire: Sling             |       |     3 |       |       ||     3
 Cast: Magic Dart        |    82 |   171 |   324 |    12 ||   589
       Flame Wave        |       |       |    23 |     7 ||    30
       Conjure Flame     |       |       |     6 |       ||     6
       Sandblast         |       |       |     1 |    18 ||    19
       Foxfire           |       |       |       |    13 ||    13
  Use: Scroll            |     5 |     8 |    13 |       ||    26
       Potion            |       |       |     4 |     1 ||     5
 Stab: Paralysed         |       |       |    63 |     8 ||    71
Armor: Robe              |     7 |     9 |    55 |    20 ||    91
Dodge: Dodged            |    22 |    17 |    74 |    34 ||   147

Table legend: (Time is in decaauts)
 A = Elapsed time spent in this place.
 B = Non-inter-level travel time spent in this place.
 C = Inter-level travel time spent in this place.
 D = Time resting spent in this place.
 E = Time spent auto-exploring this place.
 F = Levels seen in this place.
 G = Mean time per level.
                   A        B        C        D        E       F      G
               +--------+--------+--------+--------+--------+-----+--------+
         Total |  12933 |  12583 |    350 |   1822 |   7512 |  11 | 1175.7 |
       Dungeon |  12160 |  11810 |    350 |   1765 |   7432 |   9 | 1351.1 |
        Temple |    141 |    141 |      0 |      0 |     74 |   1 |  141.0 |
       Ossuary |    632 |    632 |      0 |     57 |      6 |   1 |  632.0 |
               +--------+--------+--------+--------+--------+-----+--------+

Top non-repeatable levels by time:
     D:4: 1842 daAuts
     D:6: 1727 daAuts
     D:5: 1649 daAuts
     D:8: 1427 daAuts
     D:7: 1415 daAuts
     D:1: 1367 daAuts
     D:3: 1006 daAuts
     D:2: 917 daAuts
     D:9: 806 daAuts
 Ossuary: 632 daAuts
  Temple: 141 daAuts
